 Dungeon Crawl Stone Soup version 0.28.0 (webtiles) character file.

Game seed: 8177429929743725140

29 BeingJoeMalik the Skirmisher (level 3, 0/30 HPs)
             Began as a Merfolk Fighter on Feb 15, 2022.
             Slain by a kobold (1 damage)
             ... on level 2 of the Dungeon.
             The game lasted 00:02:06 (1021 turns).

BeingJoeMalik the Skirmisher (Merfolk Fighter)      Turns: 1021, Time: 00:02:09

Health: 0/30       AC:  6    Str: 16    XL:     3   Next: 16%
Magic:  3/3        EV:  8    Int:  9    God:
Gold:   22         SH:  5    Dex: 13    Spells: 2/2 levels left

rFire   . . .      SeeInvis .   a - +0 trident
rCold   . . .      Faith    .   c - +0 buckler
rNeg    . . .      Spirit   .   b - +0 scale mail
rPois   .          Reflect  .   (no helmet)
rElec   .          Harm     .   (no cloak)
rCorr   .          Rampage  .   (no gloves)
Will    .....                   (no boots)
Stlth   ..........              (no amulet)
HPRegen 0.10/turn               (no ring)
MPRegen 0.08/turn               (no ring)

@: no status effects
A: (nimble swimmer 2), mertail
a: no special abilities


You were on level 2 of the Dungeon.
You visited 1 branch of the dungeon, and saw 2 of its levels.

You collected 22 gold pieces.

Inventory:

Hand Weapons
 a - a +0 trident (weapon)
Armour
 b - a +0 scale mail (worn)
 c - a +0 buckler (worn)
Potions
 d - a potion of might
 f - a potion of curing


   Skills:
 + Level 3.9 Fighting
 + Level 3.6 Polearms
 - Level 2.1 Armour
 + Level 0.3 Dodging
 + Level 3.4 Shields


You had 2 spell levels left.
You didn't know any spells.
Your spell library was empty.

Dungeon Overview and Level Annotations

Branches:
Dungeon (2/15)

Altars:

Annotations:
D:2 Robin


Innate Abilities, Weirdness & Mutations

((You are very nimble when in or above water. (Stealth+, EV+, Speed+++)))
Your lower body shifts to a powerful aquatic tail in water.


Message History

The adder barely misses you. Robin hits you but does no damage.
A goblin comes into view. It is wielding a +0 club.
You block the adder's attack. The adder bites you.
You are poisoned.
The adder poisons you!
You feel sick. Robin throws the goblin at you!
The goblin hits you but does no damage.
You feel sick. The goblin hits you with a +0 dagger.
* * * LOW HITPOINT WARNING * * *
A kobold and a gnoll come into view.
The gnoll is wielding a +1 spear of venom.
You feel sick.
The kobold shouts!
The gnoll shouts!
You hear a shout!
A gnoll comes into view. It is wielding a +0 club.
The goblin barely misses you. The adder bites you but does no damage.
The kobold moves out of view.
The gnoll moves out of view.
You feel sick. Robin throws the goblin at you! The goblin closely misses you.
As you read the scroll labelled GUOZATZEEFU, it crumbles to dust.
The scroll dissolves into smoke.
It was a scroll of fog.
You feel sick.
Robin roars a battlecry!
The goblin goes into a battle-frenzy!
You block the adder's attack. The goblin hits you but does no damage.
The goblin hits you with a +0 club.
* * * LOW HITPOINT WARNING * * *
As you read the scroll labelled LATAFRUBE, it crumbles to dust.
It is a scroll of identify.
f - a potion of curing You feel sick.
You are no longer poisoned.
Robin points. "Kill!"
The adder bites you.
* * * LOW HITPOINT WARNING * * *
The goblin hits you but does no damage. x2; You block the goblin's attack.
As you read the scroll labelled HAUHOOZ FOMODWI, it crumbles to dust.
You feel a surge of unholy energy.
The goblin convulses!
The kobold convulses!
The adder convulses!
The goblin convulses!
Robin convulses!
The gnoll convulses!
The hobgoblin convulses!
It was a scroll of torment.
The adder bites you but does no damage.
The kobold hits you with a +0 short sword.
You die...

#. ..... #. #...#.
####.####......
#........g..#
..#<....# .
#.#...#.## ..
#§#g### .# .. #§gK#
.# .# #§g@#
##.#..#..
#§Sg###........
#####§§gg##.#...#.g
#......#..#.# #.#
..[#..#....g.# gg #
#.#..##.### .
#....###.# #....#
#.. #...# ###.


You could see Robin, a gnoll, an adder, a hobgoblin (strong), 3 goblins and a
kobold.

Vanquished Creatures
  2 dart slugs (D:1)
  4 bats (D:1)
  A giant cockroach (D:1)
  3 goblins
  2 hobgoblins (D:1)
  2 quokkas (D:1)
  2 ball pythons (D:1)
  A frilled lizard (D:1)
  4 kobolds
  3 rats (D:1)
24 creatures vanquished.

Notes
Turn   | Place    | Note
-------+----------+-------------------------------------------
     0 | D:1      | BeingJoeMalik the Merfolk Fighter began the quest for the
                  | Orb.
     0 | D:1      | Reached XP level 1. HP: 18/18 MP: 1/1
   138 | D:1      | Reached XP level 2. HP: 24/24 MP: 2/2
   741 | D:1      | Reached XP level 3. HP: 30/30 MP: 3/3
   996 | D:2      | Noticed Robin
  1020 | D:2      | HP: 1/30 [adder (1)]
  1021 | D:2      | Slain by a kobold

Illustrated notes

Levels and vault maps discovered:
D:1:      kilobyte_arrival_exit_the_forest, layout_basic, serial_glass,
          glass_columns_c, glass_columns_c, glass_columns_c, minmay_3d_cube
D:2:      layout_rooms, ebering_ecumenical_altar_box, uniq_robin

Action                   || total
-------------------------++-------
Melee: Trident           ||    75
  Use: Scroll            ||     3
Armor: Scale mail        ||    27
Dodge: Dodged            ||    25
Block: Buckler           ||    21
